 Dungeon Crawl Stone Soup version 0.31-a0-819-gf6de2f5ab6 (webtiles) character file.

Game seed: 8872699039592485064

3 Bravepunisher the Ducker (level 1, 0/11 HPs)
             Began as a Spriggan Monk on Sept 23, 2023.
             Slain by a quokka (2 damage)
             ... on level 3 of the Dungeon.
             The game lasted 00:01:12 (343 turns).

Bravepunisher the Ducker (Spriggan Monk)             Turns: 343, Time: 00:01:13

Health: 0/11       AC:  2    Str:  7    XL:     1   Next: 41%
Magic:  2/2        EV: 18    Int: 11    God:
Gold:   11         SH:  0    Dex: 17    Spells: 0/0 levels left

rFire   . . .        a - +0 short sword
rCold   . . .        (no shield)
rNeg    . . .        b - +0 robe
rPois   .            (helmet restricted)
rElec   .            g - scarf {shadows}
rCorr   .            (gloves unavailable)
SInv    +            (boots unavailable)
Will    .....        (no amulet)
Stlth   ++           (no ring)
HPRegen 0.21/turn    (no ring)
MPRegen 0.08/turn

%: no passive effects
@: very quick
A: very small, no large weapons, unfitting armour, see invisible, speed 3
a: no special abilities


You were on level 3 of the Dungeon.
You visited 1 branch of the dungeon, and saw 3 of its levels.

You collected 11 gold pieces.

Inventory:

Hand Weapons
 a - a +0 short sword (weapon)
Armour
 b - a +0 robe (worn)
 d - an orb of light
 g - a scarf of shadows (worn)
Scrolls
 e - a scroll of identify {unknown}
 f - a scroll of fog {unknown}
Potions
 c - a potion of ambrosia


   Skills:
 * Level 2.5 Fighting
 - Level 3.2 Short Blades
 + Level 4.1 Dodging


You couldn't memorise any spells.
You didn't know any spells.
Your spell library was empty.

Dungeon Overview and Level Annotations

Branches:
Dungeon (3/15)

Altars:

Shops:
D:2 *


Innate Abilities, Weirdness & Mutations

You are very small and have problems with some larger weapons.
You are too small for most types of armour.
You have supernaturally acute eyesight. (SInv)
You cover ground extremely quickly. (Speed+++)


Message History

The orc closely misses you.
You hit the orc.
You kill the orc!
Things that are here:
a +0 dagger; a +0 scale mail; an orc corpse HP restored.
You open the door.
There is an open door here.
You open the door.
There is an open door here.
Found a quarterstaff.
You see here a scarf of shadows.
g - a scarf of shadows You start putting on your armour.
You continue putting on your scarf of shadows. x4
You finish putting on your scarf of shadows.
It gets dark.
A quokka comes into view.
You barely miss the quokka. The quokka completely misses you.
You hit the quokka but do no damage. The quokka completely misses you.
You hit the quokka.
The quokka is heavily wounded.
The quokka completely misses you.
You closely miss the quokka.
The quokka is heavily wounded.
The quokka bites you.
You miss the quokka.
The quokka is heavily wounded.
The quokka bites you.
You barely miss the quokka.
The quokka is heavily wounded.
The quokka bites you.
* * * LOW HITPOINT WARNING * * *
You hit the quokka.
The quokka is almost dead.
The quokka misses you.
You closely miss the quokka.
The quokka is almost dead.
The quokka bites you.
You die...

.# #.# #.### #.#..
#.#.###.#
#########.#r....#
..........#@######
..................
#######......!....
#.#.########
#.#.#########
#.#.........#
#)#########.# #.#
#.# .. #.#


You could see a quokka.

Vanquished Creatures
  An orc (D:3)
  An endoplasm (D:1)
2 creatures vanquished.

Notes
Turn   | Place    | Note
-------+----------+-------------------------------------------
     0 | D:1      | Bravepunisher the Spriggan Monk began the quest for the
                  | Orb.
     0 | D:1      | Reached XP level 1. HP: 11/11 MP: 2/2
   100 | D:2      | Found Qikhael's General Store.
   181 | D:3      | Identified the +0 pair of boots of the Uplifting Gods
                  | {Int+6}
   343 | D:3      | Slain by a quokka

Illustrated notes

Levels and vault maps discovered:
D:1:      tarquinn_simple_flora_water_c, layout_basic
D:2:      layout_rooms, basic_ecumenical_altar, serial_shops, shop, uniq_terence
D:3:      layout_basic, serial_shops, nicolae_shop_rolled_up,
          minmay_pentomino_pile

Action                     || total
---------------------------++-------
  Melee: Short sword       ||    36
         Punch             ||     2
 Armour: Robe              ||    12
  Dodge: Dodged            ||    31

Table legend: (Time is in decaauts)
 A = Elapsed time spent in this place.
 B = Non-inter-level travel time spent in this place.
 C = Inter-level travel time spent in this place.
 D = Time resting spent in this place.
 E = Time spent auto-exploring this place.
 F = Levels seen in this place.
 G = Mean time per level.
                   A        B        C        D        E       F      G
               +--------+--------+--------+--------+--------+-----+--------+
         Total |    233 |    233 |      0 |      0 |    129 |   3 |   77.7 |
       Dungeon |    233 |    233 |      0 |      0 |    129 |   3 |   77.7 |
               +--------+--------+--------+--------+--------+-----+--------+

Top non-repeatable levels by time:
     D:3: 130 daAuts
     D:1: 56 daAuts
     D:2: 46 daAuts
